BR (22 & UNDER)
RANCHO CUCAMONGA SICK MONKEYS @ SANTA ANNA DUKES
09/14/2028
 
TOP OF THE 1ST
Rancho Cucamonga Sick Monkeys batting - Pitching for Santa Anna Dukes : LHP Ron Sosa
Pitching: LHP Ron Sosa
Batting: SHB Jorge Maldonado 0-0: Ground out 6-3 (Groundball, 6)
Batting: RHB Manny Holguín 0-0: Ball
1-0: Ground out 6-3 (Groundball, 6)
Batting: RHB Steve Meyers 0-0: Swinging Strike
0-1: Called Strike
0-2: Strikes out swinging
Top of the 1st over - 0 run(s), 0 hit(s), 0 error(s), 0 left on base; Rancho Cucamonga 0 - Santa Anna 0
BOTTOM OF THE 1ST
Santa Anna Dukes batting - Pitching for Rancho Cucamonga Sick Monkeys : RHP Luis Pereira
Pitching: RHP Luis Pereira
Batting: RHB John Hutchins 0-0: Foul Ball, location: 2F
0-1: Ball
1-1: Called Strike
1-2: Ball
2-2: SINGLE (Groundball, 6MD)
Batting: RHB Amdre Casse 0-0: Called Strike
0-1: Foul Ball, location: 2F
0-2: Ball
1-2: Ball
2-2: Ball
3-2: Fly out, F6 (Popup, 6D)
Batting: SHB Kel Davis 0-0: Called Strike
John Hutchins steals 2nd base
0-1: Ball
1-1: Ball
2-1: SINGLE (Groundball, 4D)
John Hutchins to third
Runner from 3rd tries for Home, SAFE, no throw
Batting: RHB Jesús Velásquez 0-0: Ball
1-0: Fielders Choice at 2nd, 6-4 (Groundball, 6)
Batting: SHB Jerry Young 0-0: Ball
Jesús Velásquez steals 2nd base
1-0: Called Strike
1-1: Ball
2-1: Ball
3-1: Base on Balls
Batting: RHB William Elliott 0-0: SINGLE (Line Drive, 78S)
Jesús Velásquez to third
Jerry Young to second
Runner from 3rd tries for Home, SAFE, no throw
Batting: RHB George Lutz 0-0: Ball
Wild Pitch!
Jerry Young to third
William Elliott to second
1-0: Ball
2-0: Called Strike
2-1: Ball
3-1: Called Strike
3-2: Foul Ball, location: 2F
3-2: Ground out 4-3 (Groundball, 4)
Bottom of the 1st over - 2 run(s), 3 hit(s), 0 error(s), 2 left on base; Rancho Cucamonga 0 - Santa Anna 2
TOP OF THE 2ND
Rancho Cucamonga Sick Monkeys batting - Pitching for Santa Anna Dukes : LHP Ron Sosa
Batting: RHB Arlen Jones 0-0: Ball
1-0: Ball
2-0: Called Strike
2-1: Ball
3-1: Base on Balls
Batting: LHB Jesús Miranda 0-0: Swinging Strike
0-1: Foul Ball, location: 2F
0-2: DOUBLE (Line Drive, 7LM)
Arlen Jones to third
Batting: RHB César López 0-0: Ball
1-0: Ball
2-0: Ball
3-0: SINGLE (Groundball, 6MD)
Arlen Jones scores
Jesús Miranda to third
Batting: RHB José Sosa 0-0: Ball
1-0: Ball
2-0: Fly out, F8 (Flyball, 8LD)
Runner from 3rd tags up, SCORES, no throw
Batting: RHB Lyle Jackson 0-0: Ball
1-0: Ball
2-0: Fly out, F9 (Flyball, 9S)
Batting: LHB José Esparza 0-0: Fly out, F8 (Flyball, 8RM)
Top of the 2nd over - 2 run(s), 2 hit(s), 0 error(s), 1 left on base; Rancho Cucamonga 2 - Santa Anna 2
BOTTOM OF THE 2ND
Santa Anna Dukes batting - Pitching for Rancho Cucamonga Sick Monkeys : RHP Luis Pereira
Batting: RHB Donald Barrett 0-0: Ball
1-0: Ground out 4-3 (Groundball, 4)
Batting: RHB Ken Pérez 0-0: Ball
1-0: Foul Ball, location: 2F
1-1: Ball
2-1: Called Strike
2-2: Ground out 6-3 (Groundball, 6)
Batting: RHB John Hutchins 0-0: Called Strike
0-1: Ball
1-1: Ball
2-1: SINGLE (Groundball, 6MD)
Batting: RHB Amdre Casse 0-0: Ball
1-0: Ground out 6-3 (Groundball, 6S)
Bottom of the 2nd over - 0 run(s), 1 hit(s), 0 error(s), 1 left on base; Rancho Cucamonga 2 - Santa Anna 2
TOP OF THE 3RD
Rancho Cucamonga Sick Monkeys batting - Pitching for Santa Anna Dukes : LHP Ron Sosa
Batting: SHB Jorge Maldonado 0-0: Ball
1-0: Ball
2-0: Swinging Strike
2-1: SINGLE (Flyball, 7S)
Batting: RHB Manny Holguín 0-0: Ball
1-0: Called Strike
1-1: Ball
2-1: Fly out, F9 (Flyball, 9S)
Batting: RHB Steve Meyers 0-0: Ball
1-0: Called Strike
1-1: Ball
2-1: Called Strike
Jorge Maldonado is caught stealing 2nd base
2-2: Ball
3-2: Foul Ball, location: 2F
3-2: Base on Balls
Batting: RHB Arlen Jones 0-0: Ball
1-0: Ball
2-0: Ball
3-0: Base on Balls
Steve Meyers to second
Batting: LHB Jesús Miranda 0-0: Called Strike
0-1: Swinging Strike
0-2: Ball
1-2: Strikes out swinging
Top of the 3rd over - 0 run(s), 1 hit(s), 0 error(s), 2 left on base; Rancho Cucamonga 2 - Santa Anna 2
BOTTOM OF THE 3RD
Santa Anna Dukes batting - Pitching for Rancho Cucamonga Sick Monkeys : RHP Luis Pereira
Batting: SHB Kel Davis 0-0: Called Strike
0-1: Foul Ball, location: 2F
0-2: Ball
1-2: Fly out, F9 (Line Drive, 89D)
Batting: RHB Jesús Velásquez 0-0: Called Strike
0-1: Ball
1-1: Ball
2-1: Swinging Strike
2-2: Foul Ball, location: 2F
2-2: Strikes out swinging
Batting: SHB Jerry Young 0-0: Ball
1-0: Swinging Strike
1-1: Ball
2-1: SINGLE (Line Drive, 34)
Batting: RHB William Elliott 0-0: Called Strike
0-1: Called Strike
0-2: Ball
1-2: Ball
Jerry Young steals 2nd base
2-2: Ball
3-2: Base on Balls
Batting: RHB George Lutz 0-0: Ball
1-0: Foul Ball, location: 2F
1-1: Fly out, F9 (Flyball, 9LM)
Bottom of the 3rd over - 0 run(s), 1 hit(s), 0 error(s), 2 left on base; Rancho Cucamonga 2 - Santa Anna 2
TOP OF THE 4TH
Rancho Cucamonga Sick Monkeys batting - Pitching for Santa Anna Dukes : LHP Ron Sosa
Batting: RHB César López 0-0: Called Strike
0-1: Fly out, F9 (Flyball, 9LSF)
Batting: RHB José Sosa 0-0: Swinging Strike
0-1: Ball
1-1: Ball
2-1: Ground out 6-3 (Groundball, 6)
Batting: RHB Lyle Jackson 0-0: Ball
1-0: Foul Ball, location: 2F
1-1: SINGLE (Flyball, 8RS)
Batting: LHB José Esparza 0-0: Ball
1-0: Ball
2-0: Ball
3-0: Called Strike
3-1: Called Strike
3-2: DOUBLE (Flyball, 78D)
Lyle Jackson to third
Lyle Jackson scores
Batting: SHB Jorge Maldonado 0-0: Ball
1-0: Ball
Passed Ball!
José Esparza to third
2-0: Ball
3-0: Called Strike
3-1: Foul Ball, location: 2F
3-2: Fly out, F7 (Line Drive, 7D)
Top of the 4th over - 1 run(s), 2 hit(s), 0 error(s), 1 left on base; Rancho Cucamonga 3 - Santa Anna 2
BOTTOM OF THE 4TH
Santa Anna Dukes batting - Pitching for Rancho Cucamonga Sick Monkeys : RHP Luis Pereira
Batting: RHB Donald Barrett 0-0: Ball
1-0: Called Strike
1-1: Fly out, F9 (Flyball, 9)
Batting: RHB Ken Pérez 0-0: Ball
1-0: Swinging Strike
1-1: Ground out 5-3 (Groundball, 56S)
Batting: RHB John Hutchins 0-0: Ball
1-0: Ball
2-0: Swinging Strike
2-1: Ball
3-1: Base on Balls
Batting: RHB Amdre Casse 0-0: Called Strike
John Hutchins steals 2nd base
0-1: Swinging Strike
0-2: Strikes out swinging
Bottom of the 4th over - 0 run(s), 0 hit(s), 0 error(s), 1 left on base; Rancho Cucamonga 3 - Santa Anna 2
TOP OF THE 5TH
Rancho Cucamonga Sick Monkeys batting - Pitching for Santa Anna Dukes : LHP Ron Sosa
Batting: RHB Manny Holguín 0-0: Ground out 5-3 (Groundball, 56S)
Batting: RHB Steve Meyers 0-0: Swinging Strike
0-1: Ball
1-1: Swinging Strike
1-2: Foul Ball, location: 2F
1-2: Ball
2-2: Ball
3-2: Fly out, F9 (Flyball, 9)
Batting: RHB Arlen Jones 0-0: Ball
1-0: Ball
2-0: Foul Ball, location: 2F
2-1: Called Strike
2-2: Reached on error, E5 (Groundball, 56S)
Pitching: RHP Nelson Dixon
Batting: LHB Jesús Miranda 0-0: Ball
1-0: Swinging Strike
1-1: Ball
2-1: Fielders Choice at 2nd, 6-4 (Groundball, 6)
Top of the 5th over - 0 run(s), 0 hit(s), 1 error(s), 0 left on base; Rancho Cucamonga 3 - Santa Anna 2
BOTTOM OF THE 5TH
Santa Anna Dukes batting - Pitching for Rancho Cucamonga Sick Monkeys : RHP Luis Pereira
Pitching: RHP Gustavo Guevara
Batting: SHB Kel Davis 0-0: Ball
1-0: Ball
2-0: Foul Ball, location: 2F
2-1: SINGLE (Flyball, 78S)
Batting: RHB Jesús Velásquez 0-0: Ball
1-0: Swinging Strike
1-1: Fly out, F9 (Line Drive, 9)
Batting: SHB Jerry Young 0-0: Ball
1-0: Swinging Strike
1-1: Ball
2-1: Foul Ball, location: 2F
2-2: Strikes out looking
Batting: RHB William Elliott 0-0: Ball
1-0: Called Strike
1-1: Foul Ball, location: 2F
1-2: Ball
2-2: SINGLE (Flyball, 7S)
Kel Davis to second
Batting: RHB George Lutz 0-0: Fly out, F9 (Flyball, 9)
Bottom of the 5th over - 0 run(s), 2 hit(s), 0 error(s), 2 left on base; Rancho Cucamonga 3 - Santa Anna 2
TOP OF THE 6TH
Rancho Cucamonga Sick Monkeys batting - Pitching for Santa Anna Dukes : RHP Nelson Dixon
Batting: RHB César López 0-0: Foul Ball, location: 2F
0-1: Ball
1-1: Ball
2-1: Foul Ball, location: 2F
2-2: Strikes out swinging
Batting: RHB José Sosa 0-0: Called Strike
0-1: Swinging Strike
0-2: Hit by Pitch
Batting: RHB Lyle Jackson 0-0: Ball
José Sosa steals 2nd base
1-0: Ball
2-0: Called Strike
2-1: Ball
3-1: Foul Ball, location: 2F
3-2: Strikes out swinging
Batting: LHB José Esparza 0-0: Ball
1-0: Foul Ball, location: 2F
1-1: Hit by Pitch
Batting: SHB Jorge Maldonado 0-0: Ball
1-0: Ball
2-0: Called Strike
2-1: Ball
3-1: Foul Ball, location: 2F
3-2: Strikes out looking
Top of the 6th over - 0 run(s), 0 hit(s), 0 error(s), 2 left on base; Rancho Cucamonga 3 - Santa Anna 2
BOTTOM OF THE 6TH
Santa Anna Dukes batting - Pitching for Rancho Cucamonga Sick Monkeys : RHP Gustavo Guevara
Batting: RHB Donald Barrett 0-0: Ball
1-0: Called Strike
1-1: Ball
2-1: SINGLE (Line Drive, 56)
Batting: RHB Ken Pérez 0-0: Ball
1-0: Called Strike
1-1: Fly out, F9 (Flyball, 9)
Batting: RHB John Hutchins 0-0: Called Strike
Throwing error on steal attempt, E2
Donald Barrett to third
0-1: Ball
1-1: Swinging Strike
1-2: Ball
2-2: Foul Ball, location: 2F
2-2: Foul Ball, location: 2F
2-2: Foul Ball, location: 2F
2-2: Fly out, F7 (Flyball, 7)
Runner from 3rd tags up, SCORES, throw made
Batting: RHB Amdre Casse 0-0: Ball
1-0: Foul Ball, location: 2F
1-1: SOLO HOME RUN (Flyball, 7D), Distance : 407 ft
Pitching: RHP Clyde Fisher
Batting: SHB Kel Davis 0-0: Foul Ball, location: 2F
0-1: Ball
1-1: Ball
2-1: Ball
3-1: SINGLE (Groundball, 5D)
Batting: RHB Jesús Velásquez 0-0: Called Strike
0-1: Ball
1-1: Ball
2-1: SINGLE (Line Drive, 6)
Kel Davis to second
Batting: SHB Jerry Young 0-0: Ball
1-0: Foul Ball, location: 2F
1-1: Ball
2-1: DOUBLE (Groundball, 5L)
Kel Davis scores
Jesús Velásquez to third
Batting: RHB William Elliott 0-0: Called Strike
0-1: Fly out, F4 (Line Drive, 4)
Bottom of the 6th over - 3 run(s), 5 hit(s), 1 error(s), 2 left on base; Rancho Cucamonga 3 - Santa Anna 5
TOP OF THE 7TH
Rancho Cucamonga Sick Monkeys batting - Pitching for Santa Anna Dukes : RHP Nelson Dixon
Batting: RHB Manny Holguín 0-0: Ball
1-0: Ball
2-0: Ball
3-0: Called Strike
3-1: Foul Ball, location: 2F
3-2: Strikes out looking
Batting: RHB Steve Meyers 0-0: Called Strike
0-1: Called Strike
0-2: Foul Ball, location: 2F
0-2: Strikes out swinging
Batting: RHB Arlen Jones 0-0: Foul Ball, location: 2F
0-1: Swinging Strike
0-2: Strikes out looking
Top of the 7th over - 0 run(s), 0 hit(s), 0 error(s), 0 left on base; Rancho Cucamonga 3 - Santa Anna 5
BOTTOM OF THE 7TH
Santa Anna Dukes batting - Pitching for Rancho Cucamonga Sick Monkeys : RHP Clyde Fisher
Batting: RHB George Lutz 0-0: Ball
1-0: Ball
2-0: Foul Ball, location: 2F
2-1: DOUBLE (Flyball, 8LD)
Batting: RHB Donald Barrett 0-0: Intentional Walk
Batting: RHB Ken Pérez 0-0: Ball
1-0: Reached on error, E5 (Groundball, 5)
George Lutz to third
Donald Barrett to second
Pinch Hitting: LHB John Miller 0-0: Foul Ball, location: 2F
0-1: Foul Ball, location: 2F
0-2: Foul Ball, location: 2F
0-2: Foul Ball, location: 2F
0-2: SINGLE (Groundball, 4M) (infield hit)
George Lutz scores
Donald Barrett to third
Ken Pérez to second
Pitching: RHP Carlos Domínguez
Pinch Hitting: RHB Toshikazu Sato 0-0: Foul Ball, location: 2F
0-1: SINGLE (Groundball, 56D)
Donald Barrett scores
Ken Pérez to third
John Miller to second
Batting: SHB Kel Davis 0-0: Called Strike
0-1: Swinging Strike
0-2: Foul Ball, location: 2F
0-2: Grounds into double play, 3-6-3 (Groundball, 34)
Ken Pérez scores
John Miller to third
Batting: RHB Jesús Velásquez 0-0: Swinging Strike
0-1: Ball
1-1: Swinging Strike
1-2: Strikes out swinging
Bottom of the 7th over - 3 run(s), 3 hit(s), 1 error(s), 1 left on base; Rancho Cucamonga 3 - Santa Anna 8
TOP OF THE 8TH
Rancho Cucamonga Sick Monkeys batting - Pitching for Santa Anna Dukes : RHP Nelson Dixon
Now at 2B: Toshikazu Sato
Now at SS: Alberto Morín
Now in LF: John Miller
Batting: LHB Jesús Miranda 0-0: Swinging Strike
0-1: Swinging Strike
0-2: Strikes out looking
Batting: RHB César López 0-0: Called Strike
0-1: Swinging Strike
0-2: Ball
1-2: Ball
2-2: Strikes out swinging
Batting: RHB José Sosa 0-0: Ball
1-0: Ball
2-0: Called Strike
2-1: Ground out 1-3 (Groundball, 13)
Top of the 8th over - 0 run(s), 0 hit(s), 0 error(s), 0 left on base; Rancho Cucamonga 3 - Santa Anna 8
BOTTOM OF THE 8TH
Santa Anna Dukes batting - Pitching for Rancho Cucamonga Sick Monkeys : RHP Carlos Domínguez
Batting: SHB Jerry Young 0-0: Called Strike
0-1: Ground out U3 (Groundball, 3)
Pitching: RHP Bobby Amador
Batting: RHB William Elliott 0-0: Fly out, F9 (Flyball, 89M)
Batting: RHB George Lutz 0-0: SINGLE (Groundball, 6MD)
Batting: RHB Donald Barrett 0-0: Ball
1-0: Foul Ball, location: 2F
1-1: Called Strike
George Lutz is caught stealing 2nd base
Bottom of the 8th over - 0 run(s), 1 hit(s), 0 error(s), 0 left on base; Rancho Cucamonga 3 - Santa Anna 8
TOP OF THE 9TH
Rancho Cucamonga Sick Monkeys batting - Pitching for Santa Anna Dukes : RHP Nelson Dixon
Pitching: RHP Ron Franklin
Batting: RHB Lyle Jackson 0-0: SINGLE (Groundball, 6D)
Batting: LHB José Esparza 0-0: Swinging Strike
0-1: Ball
1-1: Swinging Strike
1-2: Foul Ball, location: 2F
1-2: Strikes out looking
Batting: SHB Jorge Maldonado 0-0: Ball
1-0: Called Strike
1-1: Ball
2-1: Fly out, F6 (Line Drive, 6M)
Batting: RHB Manny Holguín 0-0: Foul Ball, location: 2F
0-1: Called Strike
0-2: Foul Ball, location: 2F
0-2: Ball
1-2: Ball
2-2: Strikes out swinging
Top of the 9th over - 0 run(s), 1 hit(s), 0 error(s), 1 left on base; Rancho Cucamonga 3 - Santa Anna 8
Tuesday, August 8th, 2017 - OOTP Baseball 17.12 Build 75